| TOP OF THE 1ST |
|
Montreal Expos batting - Pitching for Los Angeles Dodgers : RHP Nick Williams
|
|
Pitching: RHP Nick Williams
|
|
|
Batting: LHB Duane Walker
|
0-0: Called Strike 0-1: Swinging Strike 0-2: Ball 1-2: SINGLE (Groundball, 4MS, EV 71.9 MPH) (infield hit)
|
|
Batting: SHB Garry Templeton
|
0-0: Ball 1-0: Fielders Choice at 2nd, 4-6 (Groundball, 4M, EV 105.0 MPH)
|
|
Batting: LHB Kirk Gibson
|
0-0: Called Strike Garry Templeton steals 2nd base (no throw) 0-1: SINGLE (Groundball, 4MS, EV 66.9 MPH) (infield hit) Garry Templeton to third
|
|
Batting: RHB Dale Murphy
|
0-0: Ball 1-0: Swinging Strike 1-1: Ball 2-1: Foul Ball, location: 2F 2-2: Foul Ball, location: 2F 2-2: Strikes out swinging
|
|
Batting: RHB Dave Winfield
|
0-0: Ball 1-0: Ball 2-0: Called Strike 2-1: Foul Ball, location: 2F 2-2: Strikes out swinging
|
| Top of the 1st over - 0 runs, 2 hits, 0 errors, 2 left on base; Montreal 0 - Los Angeles 0 |
| BOTTOM OF THE 1ST |
|
Los Angeles Dodgers batting - Pitching for Montreal Expos : LHP Frank Riccelli
|
|
Pitching: LHP Frank Riccelli
|
|
|
Batting: RHB Billy Sample
|
0-0: Foul Ball, location: 2F 0-1: Ball 1-1: Foul Ball, location: 2F 1-2: Ground out 6-3 (Groundball, 6, EV 101.9 MPH)
|
|
Batting: RHB Carney Lansford
|
0-0: Ball 1-0: Foul Ball, location: 2F 1-1: SINGLE (Groundball, 4MS, EV 65.0 MPH) (infield hit)
|
|
Batting: RHB Dick Davis
|
0-0: Ball 1-0: Swinging Strike 1-1: SINGLE (Line Drive, 4MD, EV 110.6 MPH) Carney Lansford to second Runner from 2nd tries for 3rd, OUT! 8-5
|
|
Batting: RHB Jerry Keller
|
0-0: Foul Ball, location: 2F 0-1: Ball 1-1: Ball 2-1: Ball Dick Davis is caught stealing 2nd base 2-4
|
| Bottom of the 1st over - 0 runs, 2 hits, 0 errors, 0 left on base; Montreal 0 - Los Angeles 0 |
| TOP OF THE 2ND |
|
Montreal Expos batting - Pitching for Los Angeles Dodgers : RHP Nick Williams
|
|
Batting: LHB Timnothy Meyer
|
0-0: Called Strike 0-1: Swinging Strike 0-2: Ball 1-2: Ball 2-2: Ball 3-2: Strikes out swinging
|
|
Batting: LHB Ernesto Quevedo
|
0-0: Called Strike 0-1: Swinging Strike 0-2: Foul Ball, location: 2F 0-2: Ball 1-2: Strikes out swinging
|
|
Batting: LHB Orlando Sanchez
|
0-0: Ground out U3 (Groundball, 34S, EV 68.8 MPH)
|
| Top of the 2nd over - 0 runs, 0 hits, 0 errors, 0 left on base; Montreal 0 - Los Angeles 0 |
| BOTTOM OF THE 2ND |
|
Los Angeles Dodgers batting - Pitching for Montreal Expos : LHP Frank Riccelli
|
|
Batting: RHB Jerry Keller
|
0-0: Ball 1-0: Called Strike 1-1: Ball 2-1: SINGLE (Groundball, 6MD, EV 110.6 MPH)
|
|
Batting: RHB Gary Gaetti
|
0-0: Called Strike 0-1: Fly out, F7 (Flyball, 78D, EV 99.4 MPH)
|
|
Batting: RHB Toby Harrah
|
0-0: Called Strike 0-1: Ball 1-1: Foul Ball, location: 2F 1-2: Grounds into double play, 6-4-3 (Groundball, 6, EV 86.3 MPH)
|
| Bottom of the 2nd over - 0 runs, 1 hit, 0 errors, 0 left on base; Montreal 0 - Los Angeles 0 |
| TOP OF THE 3RD |
|
Montreal Expos batting - Pitching for Los Angeles Dodgers : RHP Nick Williams
|
|
Batting: LHB Frank Riccelli
|
0-0: Called Strike 0-1: Fly out, F9 (Flyball, 9, EV 78.1 MPH)
|
|
Batting: LHB Duane Walker
|
0-0: Ball 1-0: Ball 2-0: Ground out 4-3 (Groundball, 4, EV 81.9 MPH)
|
|
Batting: SHB Garry Templeton
|
0-0: Ball 1-0: Foul Ball, location: 2F 1-1: Ball 2-1: Bunted foul 2-2: Ball 3-2: Fly out, F7 (Line Drive, 7, EV 95.6 MPH)
|
| Top of the 3rd over - 0 runs, 0 hits, 0 errors, 0 left on base; Montreal 0 - Los Angeles 0 |
| BOTTOM OF THE 3RD |
|
Los Angeles Dodgers batting - Pitching for Montreal Expos : LHP Frank Riccelli
|
|
Batting: SHB Chris W Smith
|
0-0: Ball 1-0: Swinging Strike 1-1: SINGLE (Groundball, 6MD, EV 99.4 MPH)
|
|
Batting: RHB Roberto Reyes
|
0-0: Called Strike 0-1: Ball 1-1: Foul Ball, location: 2F 1-2: Strikes out swinging
|
|
Batting: RHB Nick Williams
|
0-0: Ball 1-0: Sac Bunt to 3S - play at first, batter OUT! 3-1 Chris W Smith to second
|
|
Batting: RHB Billy Sample
|
0-0: Foul Ball, location: 2F 0-1: Ball 1-1: Swinging Strike 1-2: Ball 2-2: Ground out 6-3 (Groundball, 6, EV 92.5 MPH)
|
| Bottom of the 3rd over - 0 runs, 1 hit, 0 errors, 1 left on base; Montreal 0 - Los Angeles 0 |
| TOP OF THE 4TH |
|
Montreal Expos batting - Pitching for Los Angeles Dodgers : RHP Nick Williams
|
|
Batting: LHB Kirk Gibson
|
0-0: Called Strike 0-1: Ball 1-1: Ball 2-1: Swinging Strike 2-2: Foul Ball, location: 2F 2-2: Foul Ball, location: 2F 2-2: Strikes out swinging
|
|
Batting: RHB Dale Murphy
|
0-0: Ball 1-0: SINGLE (Groundball, 4MD, EV 97.5 MPH)
|
|
Batting: RHB Dave Winfield
|
0-0: Ball 1-0: Fly out, F7 (Line Drive, 7, EV 92.5 MPH)
|
|
Batting: LHB Timnothy Meyer
|
0-0: Ball Dale Murphy steals 2nd base 1-0: Fly out, F8 (Flyball, 8RXD, EV 80.0 MPH)
|
| Top of the 4th over - 0 runs, 1 hit, 0 errors, 1 left on base; Montreal 0 - Los Angeles 0 |
| BOTTOM OF THE 4TH |
|
Los Angeles Dodgers batting - Pitching for Montreal Expos : LHP Frank Riccelli
|
|
Batting: RHB Carney Lansford
|
0-0: Called Strike 0-1: Foul Ball, location: 2F 0-2: Strikes out swinging
|
|
Batting: RHB Dick Davis
|
0-0: Ball 1-0: Called Strike 1-1: Swinging Strike 1-2: Ball 2-2: Ball 3-2: Base on Balls
|
|
Batting: RHB Jerry Keller
|
0-0: Called Strike 0-1: Ball 1-1: Ball 2-1: Called Strike 2-2: Grounds into double play, 6-4-3 (Groundball, 6D, EV 82.5 MPH)
|
| Bottom of the 4th over - 0 runs, 0 hits, 0 errors, 0 left on base; Montreal 0 - Los Angeles 0 |
| TOP OF THE 5TH |
|
Montreal Expos batting - Pitching for Los Angeles Dodgers : RHP Nick Williams
|
|
Batting: LHB Ernesto Quevedo
|
0-0: Fly out, F7 (Flyball, 7, EV 80.6 MPH)
|
|
Batting: LHB Orlando Sanchez
|
0-0: Foul Ball, location: 2F 0-1: Ground out 6-3 (Groundball, 6S, EV 86.9 MPH)
|
|
Batting: LHB Frank Riccelli
|
0-0: Called Strike 0-1: Ball 1-1: Fly out, F3 (Line Drive, 3, EV 71.3 MPH)
|
| Top of the 5th over - 0 runs, 0 hits, 0 errors, 0 left on base; Montreal 0 - Los Angeles 0 |
| BOTTOM OF THE 5TH |
|
Los Angeles Dodgers batting - Pitching for Montreal Expos : LHP Frank Riccelli
|
|
Batting: RHB Gary Gaetti
|
0-0: Ball 1-0: Ball 2-0: Ground out 4-3 (Groundball, 4, EV 84.4 MPH)
|
|
Batting: RHB Toby Harrah
|
0-0: Ball 1-0: Ball 2-0: Ball 3-0: Called Strike 3-1: Called Strike 3-2: Base on Balls
|
|
Batting: SHB Chris W Smith
|
0-0: Called Strike Toby Harrah steals 2nd base 0-1: Ball 1-1: Ground out 6-3 (Groundball, 56D, EV 101.3 MPH)
|
|
Batting: RHB Roberto Reyes
|
0-0: Ball 1-0: Ball 2-0: Ball 3-0: Called Strike 3-1: SINGLE (Line Drive, 56D, EV 110.0 MPH) Toby Harrah to third Runner from 3rd tries for Home, throw by LF and OUT! 7-2
|
| Bottom of the 5th over - 0 runs, 1 hit, 0 errors, 1 left on base; Montreal 0 - Los Angeles 0 |
| TOP OF THE 6TH |
|
Montreal Expos batting - Pitching for Los Angeles Dodgers : RHP Nick Williams
|
|
Batting: LHB Duane Walker
|
0-0: Ball 1-0: Called Strike 1-1: Foul Ball, location: 2F 1-2: Ball 2-2: Ball 3-2: SINGLE (Line Drive, 5, EV 75.0 MPH) (infield hit)
|
|
Batting: SHB Garry Templeton
|
0-0: Ball 1-0: Ball 2-0: Reached on error, E1 (Groundball, 13S, EV 43.8 MPH) Duane Walker to third
|
|
Batting: LHB Kirk Gibson
|
0-0: Ball 1-0: Called Strike 1-1: Swinging Strike 1-2: Ball 2-2: Ball 3-2: Strikes out swinging
|
|
Batting: RHB Dale Murphy
|
0-0: Swinging Strike 0-1: Ball 1-1: Ball 2-1: Foul Ball, location: 2F 2-2: Strikes out swinging
|
|
Batting: RHB Dave Winfield
|
0-0: Ball 1-0: Ball 2-0: Ground out 1-3 (Groundball, 34S, EV 71.9 MPH)
|
| Top of the 6th over - 0 runs, 1 hit, 1 error, 2 left on base; Montreal 0 - Los Angeles 0 |
| BOTTOM OF THE 6TH |
|
Los Angeles Dodgers batting - Pitching for Montreal Expos : LHP Frank Riccelli
|
|
Batting: RHB Nick Williams
|
0-0: Foul Ball, location: 2F 0-1: Ball 1-1: Swinging Strike 1-2: Ball 2-2: Foul Ball, location: 2F 2-2: Foul Ball, location: 2F 2-2: SINGLE (Line Drive, 9LS, EV 105.0 MPH)
|
|
Batting: RHB Billy Sample
|
0-0: Called Strike 0-1: Ball 1-1: Ball 2-1: Foul Ball, location: 2F 2-2: SINGLE (Flyball, 56D, EV 88.8 MPH) Nick Williams to second
|
|
Batting: RHB Carney Lansford
|
0-0: Ball 1-0: Ball 2-0: Called Strike 2-1: Foul Ball, location: 2F 2-2: Grounds into double play, 6-4-3 (Groundball, 6, EV 99.4 MPH) Nick Williams to third
|
|
Batting: RHB Dick Davis
|
0-0: Foul Ball, location: 2F 0-1: Foul Ball, location: 2F 0-2: SINGLE (Groundball, 4MD, EV 103.8 MPH) Nick Williams scores
|
|
Batting: RHB Jerry Keller
|
0-0: Ball 1-0: Called Strike 1-1: Ball 2-1: Foul Ball, location: 2F 2-2: Strikes out swinging
|
| Bottom of the 6th over - 1 run, 3 hits, 0 errors, 1 left on base; Montreal 0 - Los Angeles 1 |
| TOP OF THE 7TH |
|
Montreal Expos batting - Pitching for Los Angeles Dodgers : RHP Nick Williams
|
|
Batting: LHB Timnothy Meyer
|
0-0: Ball 1-0: Ball 2-0: Called Strike 2-1: Swinging Strike 2-2: SINGLE (Line Drive, 9S, EV 103.1 MPH)
|
|
Batting: LHB Ernesto Quevedo
|
0-0: Called Strike 0-1: Ball 1-1: Ball 2-1: Ball 3-1: SINGLE (Line Drive, 8LS, EV 102.5 MPH) Timnothy Meyer to second
|
|
Batting: LHB Orlando Sanchez
|
0-0: Foul Ball, location: 2F 0-1: Swinging Strike 0-2: Ball 1-2: Ground out 6-3 (Groundball, 6MS, EV 88.8 MPH) Timnothy Meyer to third Ernesto Quevedo to second
|
|
Batting: LHB Frank Riccelli
|
0-0: Called Strike 0-1: Ball 1-1: Ball 2-1: Fly out, F9 (Flyball, 9, EV 89.4 MPH)
|
|
Batting: LHB Duane Walker
|
0-0: Called Strike 0-1: Ball 1-1: Foul Ball, location: 2F 1-2: Strikes out swinging
|
| Top of the 7th over - 0 runs, 2 hits, 0 errors, 2 left on base; Montreal 0 - Los Angeles 1 |
| BOTTOM OF THE 7TH |
|
Los Angeles Dodgers batting - Pitching for Montreal Expos : LHP Frank Riccelli
|
|
Batting: RHB Gary Gaetti
|
0-0: Called Strike 0-1: Foul Ball, location: 2F 0-2: Ground out 4-3 (Groundball, 34, EV 95.6 MPH)
|
|
Batting: RHB Toby Harrah
|
0-0: Foul Ball, location: 2F 0-1: Ball 1-1: Ball 2-1: Called Strike 2-2: Fly out, F8 (Flyball, 78D, EV 96.3 MPH)
|
|
Batting: SHB Chris W Smith
|
0-0: Foul Ball, location: 2F 0-1: Reached on error, E9 (Flyball, 9LS, EV 94.4 MPH)
|
|
Batting: RHB Roberto Reyes
|
0-0: Ball 1-0: Called Strike 1-1: Foul Ball, location: 2F 1-2: SINGLE (Groundball, 6MD, EV 103.1 MPH) Chris W Smith to third Runner from 3rd tries for Home, SAFE, throw by CF to home
|
|
Batting: RHB Nick Williams
|
0-0: Ball 1-0: Swinging Strike 1-1: Fly out, F7 (Flyball, 7S, EV 92.5 MPH)
|
| Bottom of the 7th over - 1 run, 1 hit, 1 error, 1 left on base; Montreal 0 - Los Angeles 2 |
| TOP OF THE 8TH |
|
Montreal Expos batting - Pitching for Los Angeles Dodgers : RHP Nick Williams
|
|
Batting: SHB Garry Templeton
|
0-0: Called Strike 0-1: Ball 1-1: Called Strike 1-2: Strikes out swinging
|
|
Batting: LHB Kirk Gibson
|
0-0: Ball 1-0: Fly out, F3 (Popup, 3SF, EV 82.5 MPH)
|
|
Batting: RHB Dale Murphy
|
0-0: Ball 1-0: Foul Ball, location: 2F 1-1: SINGLE (Groundball, 6MD, EV 99.4 MPH)
|
|
Batting: RHB Dave Winfield
|
0-0: Ball 1-0: Ball 2-0: Ground out U3 (Groundball, 3L, EV 101.3 MPH)
|
| Top of the 8th over - 0 runs, 1 hit, 0 errors, 1 left on base; Montreal 0 - Los Angeles 2 |
| BOTTOM OF THE 8TH |
|
Los Angeles Dodgers batting - Pitching for Montreal Expos : LHP Frank Riccelli
|
|
Batting: RHB Billy Sample
|
0-0: Ball 1-0: Called Strike 1-1: Called Strike 1-2: Ball 2-2: Fly out, F5 (Popup, 25F, EV 85.0 MPH)
|
|
Batting: RHB Carney Lansford
|
0-0: Single, Error in OF, E9, batter to second base (Groundball, 34D, EV 95.6 MPH)
|
|
Batting: RHB Dick Davis
|
0-0: Ball 1-0: Called Strike Carney Lansford steals 3rd base 1-1: Ball 2-1: Called Strike 2-2: Ball 3-2: Base on Balls
|
|
Batting: RHB Jerry Keller
|
0-0: Ball 1-0: Ball 2-0: Called Strike 2-1: Foul Ball, location: 2F 2-2: Ball 3-2: Foul Ball, location: 2F 3-2: Foul Ball, location: 2F 3-2: Fly out, F4 (Popup, 13, EV 81.9 MPH)
|
|
Batting: RHB Gary Gaetti
|
0-0: Called Strike 0-1: Called Strike 0-2: Foul Ball, location: 2F 0-2: Ball 1-2: Fly out, F7 (Flyball, 7LM, EV 88.1 MPH)
|
| Bottom of the 8th over - 0 runs, 1 hit, 1 error, 2 left on base; Montreal 0 - Los Angeles 2 |
| TOP OF THE 9TH |
|
Montreal Expos batting - Pitching for Los Angeles Dodgers : RHP Nick Williams
|
|
Batting: LHB Timnothy Meyer
|
0-0: Called Strike 0-1: Fly out, F9 (Flyball, 89S, EV 95.6 MPH)
|
|
Batting: LHB Ernesto Quevedo
|
0-0: Ball 1-0: Fly out, F3 (Line Drive, 3, EV 65.0 MPH)
|
|
Batting: LHB Orlando Sanchez
|
0-0: Called Strike 0-1: Ball 1-1: Ground out 4-3 (Groundball, 34D, EV 85.0 MPH)
|
| Top of the 9th over - 0 runs, 0 hits, 0 errors, 0 left on base; Montreal 0 - Los Angeles 2 |
|